 Dungeon Crawl Stone Soup version 0.31-a0-175-g9f7f995f2b (webtiles) character file.

Game seed: 2451221083045450164

22 qw the Shooter (level 2, -1/17 HPs)
             Began as a Gargoyle Hunter on June 16, 2023.
             Slain by a kobold
             ... wielding a +0 whip
              (2 damage)
             ... on level 1 of the Dungeon.
             The game lasted 00:00:14 (865 turns).

qw the Shooter (Gargoyle Hunter)                     Turns: 865, Time: 00:00:15

Health: -1/17      AC:  7    Str: 14    XL:     2   Next: 91%
Magic:  2/2        EV: 10    Int:  9    God:
Gold:   39         SH:  0    Dex: 13    Spells: 1/1 levels left

rFire   . . .        Y - +1 shortbow
rCold   . . .        (shield currently unavailable)
rNeg    + . .        d - +0 ring mail
rPois   inf          (no helmet)
rElec   +            (no cloak)
rCorr   .            (no gloves)
SInv    .            (no boots)
Will    .....        (no amulet)
Stlth   +            (no ring)
HPRegen 0.22/turn    (no ring)
MPRegen 0.08/turn

%: no passive effects
@: weak-willed
A: sickness immunity, AC +2, negative energy resistance 1, electricity
resistance, torment resistance 1, petrification resistance
a: no special abilities


You were on level 1 of the Dungeon.
You visited 1 branch of the dungeon, and saw 2 of its levels.

You collected 39 gold pieces.


Innate Abilities, Weirdness & Mutations

You are immune to sickness and miasma.
Your stone body is resilient. (AC +2)
You are immune to poison.
You resist negative energy. (rN+)
You are resistant to electric shocks. (rElec)
You are resistant to unholy torment.
You are immune to petrification.


   Skills:
 - Level 2.1 Fighting
 - Level 4.8 Ranged Weapons
 + Level 0.0 Armour
 - Level 1.5 Dodging
 - Level 1.1 Stealth


You had one spell level left.
You didn't know any spells.
Your spell library was empty.

Inventory:

Hand Weapons
 Y - a +1 shortbow (weapon)
Armour
 d - a +0 ring mail (worn)
Potions
 g - a potion of attraction {unknown}

Dungeon Overview and Level Annotations

Branches:
Dungeon (2/15)

Altars:

Annotations:
D:1 Terence


Message History

The arrow closely misses the adder.
Terence closely misses you.
You shoot an arrow.
The arrow hits Terence but does no damage.
Terence is lightly wounded.
The kobold hits you but does no damage. Terence barely misses you.
You shoot an arrow. The arrow hits Terence.
Terence is lightly wounded.
The kobold hits you but does no damage.
Terence asks, "Do you want it fast or slow?"
Terence closely misses you. The kobold closely misses you.
Terence barely misses you.
You shoot an arrow. The arrow closely misses Terence.
The arrow barely misses the adder.
The kobold completely misses you. Terence hits you with a +0 flail.
859 ||| STAIRDANCE The kobold barely misses you.
Terence closely misses you.
You climb upwards.
There is a stone staircase leading down here.
Enter note:
Enter note:
Enter note:
Enter note: You shoot an arrow.
The arrow hits Terence.
Terence is moderately wounded.
Terence misses you. The kobold hits you with a +0 whip.
You shoot an arrow. The arrow barely misses Terence.
Terence barely misses you. The kobold barely misses you.
You shoot an arrow. The arrow barely misses Terence.
Terence barely misses you. The kobold closely misses you.
Terence hits you but does no damage. The kobold barely misses you.
You shoot an arrow. The arrow hits Terence.
Terence is moderately wounded.
Terence hits you with a +0 flail. The kobold hits you with a +0 whip.
You shoot an arrow.
The arrow hits Terence but does no damage.
Terence is moderately wounded.
Terence says, "Time to say good-bye..."
Terence hits you with a +0 flail. The kobold hits you with a +0 whip.
You die...

#######.......###################
#................................
#.#####.......###################
#.# #####...##.##############¤#
#.# #...##..........¤.¤¤¤¤# #.#
########.##############¤# #.####
#....# #)# #¤#
#....####....###.############ #.#
........'......K@@..........# #.#
#....####.....##.##########.# #.#
#.#### #.....##.# ########.# #.#
#.# #####.##.# #......#.# #.# #.#
#.##.# #)####.#.# #.# #.# #.##.#
#.# #.#.# #.# #.## #.##.# #.#
#.#.###.# ...# #.##.# #.#
#.#.....# ########## #.##.# #.#
#.#######


You could see Terence and a kobold.

Vanquished Creatures
  A dart slug (D:1)
  4 endoplasms (D:1)
  A giant cockroach (D:1)
  2 goblins (D:1)
  3 hobgoblins (D:1)
  5 kobolds (D:1)
  A rat (D:1)
17 creatures vanquished.

Notes
Turn   | Place    | Note
-------+----------+-------------------------------------------
     0 | D:1      | qw the Gargoyle Hunter began the quest for the Orb.
     0 | D:1      | Reached XP level 1. HP: 12/12 MP: 1/1
     0 | D:1      | 0 ||| qw: Version: 0.2-a-29-g511e9b1
     0 | D:1      | 0 ||| qw: Game counter: 5688
     0 | D:1      | 0 ||| qw: Always use a shield: true
     0 | D:1      | 0 ||| qw: God list: Okawaru
     0 | D:1      | 0 ||| qw: Allow faded altars: false
     0 | D:1      | 0 ||| qw: Do Orc after D:15 true
     0 | D:1      | 0 ||| qw: Do second Lair branch before Depths: true
     0 | D:1      | 0 ||| qw: Lair rune preference: random
     0 | D:1      | 0 ||| qw: Plans: Normal, Zot:1-4, Slime:5, God:TSO, Crypt,
                  | Tomb, Abyss, Pan, Hells, Win
     0 | D:1      | 0 ||| PLANNING D:1-11
   201 | D:1      | Reached XP level 2. HP: 17/17 MP: 2/2
   815 | D:1      | 815 ||| UPGRADING to +0 ring mail.
   825 | D:1      | 825 ||| DROPPING +0 leather armour.
   826 | D:1      | 826 ||| READING scroll labelled KUJOAJ JAURICE.
   827 | D:1      | 827 ||| READING scroll labelled COIMEBREPIDGH.
   828 | D:1      | 828 ||| READING scroll labelled JISHUDDUJE.
   829 | D:1      | 829 ||| READING scroll labelled XYCHYKIUME.
   830 | D:1      | 830 ||| DROPPING scroll of butterflies.
   850 | D:2      | Noticed Terence
   859 | D:2      | 859 ||| STAIRDANCE
   865 | D:1      | HP: 1/17 [Terence/+0 flail (5)]
   865 | D:1      | Slain by a kobold

Levels and vault maps discovered:
D:1:      lightli_arrival_windingriver, layout_basic, minmay_pentomino_r4
D:2:      layout_rooms, serial_shops, nicolae_shop_bloodbath_and_beyond,
          uniq_jessica, uniq_terence, uniq_crazy_yiuf_cottage

Action                     || total
---------------------------++-------
   Fire: Shortbow          ||    49
    Use: Scroll            ||     4
 Armour: Ring mail         ||     4
         Leather armour    ||     2
  Dodge: Dodged            ||    21

Table legend:
 A = Non-vault XP
 B = Vault XP
 C = Vault XP percentage of total XP
 D = Non-vault monster count
 E = Vault monster count
 F = Vault count percentage of total count
                 A         B        C        D         E       F
            +---------+---------+-------+---------+---------+-------
      Total |      27 |       5 |  15.6 |      14 |       3 |  17.6
            +---------+---------+-------+---------+---------+-------
        D:1 |      27 |       5 |  15.6 |      14 |       3 |  17.6
            +---------+---------+-------+---------+---------+-------
